 Dungeon Crawl Stone Soup version 0.31-a0-1570-g93c622d (webtiles) character file.

Game seed: 7433024439678197035

8080 smazza the Mimic (level 11, 0/163 HPs)
             Began as a Grey Draconian Shapeshifter on Jan 2, 2024.
             Was a Follower of Makhleb.
             Slain by an elephant (1 damage)
             ... on level 1 of the Lair of Beasts on Jan 3, 2024.
             The game lasted 00:49:35 (11196 turns).

smazza the Mimic (Grey Draconian Shapeshifter)     Turns: 11196, Time: 00:49:37

Health: 0/163      AC:  9    Str: 24    XL:     11   Next: 5%
Magic:  11/11      EV: 11    Int: 11    God:    Makhleb [*.....]
Gold:   444        SH:  0    Dex: 12    Spells: 10/10 levels left

rFire   . .          .
                       - Unarmed
rCold   + . .        (shield currently unavailable)
rNeg    . . .        (body armour unavailable)
rPois   +            (helmet currently unavailable)
rElec   .            o - melded +0 cloak
rCorr   .            B - melded +0 pair of gloves
SInv    .            m - melded +1 pair of boots
Will    .....        (no amulet) Stlth
                     E - ring of flight
HPRegen 0.47/turn    w - ring of protection from cold
MPRegen 0.12/turn

%: no passive effects
@: berserking (expiring), snake-form, flying, very quick
A: constrict, boosted hp, AC +12, amphibious, large, unfitting armour,
(cold-blooded)
a: Begin Untransformation, Renounce Religion


You were on level 1 of the Lair of Beasts.
You worshipped Makhleb.
Makhleb was aware of your devotion.
You were an enormous serpent.
You visited 3 branches of the dungeon, and saw 11 of its levels.
You also visited: Sewer.

You collected 576 gold pieces.
You spent 132 gold pieces at shops.

Inventory:

Hand Weapons
 n - a +1 spectral dagger
 x - a +3 short sword of holy wrath
 z - the +5 dagger of Integrity {vamp, Int+6}
   (You found it on level 5 of the Dungeon)

   Int+6:     It affects your intelligence (+6).
Missiles
 L - 9 boomerangs
Armour
 m - a +1 pair of boots (melded)
 o - a +0 cloak (melded)
 q - a +0 helmet
 s - a +0 buckler
 u - an orb of energy
 B - a +0 pair of gloves (melded)
 C - an orb of mayhem
Jewellery
 v - a ring of wizardry
 w - a ring of protection from cold (right hand)
 E - a ring of flight (left hand)
 G - a +6 ring of intelligence
 I - a ring of protection from cold
 N - an amulet of magic regeneration
Talismans
 b - a beast talisman
 c - a flux talisman
 y - a serpent talisman (active)
Wands
 A - a wand of digging (4)
 F - a wand of flame (18)
 H - a wand of roots (9)
 K - a wand of paralysis (3)
Scrolls
 d - 7 scrolls of identify
 e - a scroll of noise
 f - 2 scrolls of immolation
 h - 2 scrolls of teleportation
 j - a scroll of enchant armour
 k - a scroll of enchant weapon
 l - 3 scrolls of fog
 J - a scroll of acquirement
Potions
 a - 7 potions of heal wounds
 g - 3 potions of curing
 i - 4 potions of attraction
 p - 2 potions of enlightenment
 r - 2 potions of invisibility
 t - a potion of berserk rage
 D - 3 potions of lignification
 M - a potion of ambrosia {unknown}


   Skills:
 + Level 6.7 Fighting
 + Level 5.8 Dodging
 * Level 10.5 Unarmed Combat
 * Level 10.6 Shapeshifting


You had 10 spell levels left.
You didn't know any spells.
Your spell library contained the following spells:

 Spells                   Type           Power      Damage    Failure   Level
 Static Discharge         Conj/Air       0%         3-3/arc   47%         2
 Inner Flame              Hex/Fire       0%         N/A       71%         3
 Stone Arrow              Conj/Erth      0%         3d7       71%         3
 Airstrike                Air            0%         2d(0-16)  98%         4
 Anguish                  Hex/Necr       0%         N/A       98%         4
 Animate Dead             Necr           0%         N/A       98%         4
 Cause Fear               Hex            0%         N/A       98%         4
 Manifold Assault         Tloc           0%         N/A       98%         4
 Summon Lightning Spire   Summ/Air       0%         N/A       98%         4
 Borgnjor's Vile Clutch   Necr/Erth      0%         N/A       100%        5
 Irradiate                Conj/Alch      0%         3d11      100%        5
 Death Channel            Necr           0%         N/A       100%        6
 Dispersal                Tloc           0%         N/A       100%        6
 Enfeeble                 Hex            0%         N/A       100%        7
 Disjunction              Tloc           0%         N/A       100%        8
 Ignition                 Fire           0%         3d3       100%        8
 Lehudib's Crystal Spear  Conj/Erth      0%         10d2      100%        8
 Animate Armour           Summ/Erth      Unusable   N/A       N/A         4

Dungeon Overview and Level Annotations

Branches:
Dungeon (9/15)             Temple (1/1) D:7            Lair (1/5) D:9
  Sewer (visited)
    Orc: D:9-12

Altars:
Ashenzari
Cheibriados
Dithmenos
Elyvilon
Fedhas
Gozag
Hepliaklqana
Kikubaaqudgha
Makhleb
Nemelex Xobeh
Okawaru
Qazlal
Ru
Sif Muna
Trog
Uskayaw
Vehumet
Wu Jian
Xom
Yredelemnul
Zin
The Shining One

Shops:
D:5 (

Annotations:
D:3 1 runed translucent door, Crazy Yiuf


Innate Abilities, Weirdness & Mutations

You are an enormous serpent.
You have a powerful constriction melee attack.
Your maximum health is increased.
Your armour is entirely melded.
You are incapable of wielding weapons or throwing items.
((Your dull iron-grey scales are very hard. (AC +12)))
You are amphibious.
You cannot fit into any form of body armour.
((You are cold-blooded and may be slowed by cold attacks.))


Message History

The elephant is heavily wounded.
The elephant tramples you.
* * * LOW HITPOINT WARNING * * *
You hold your ground!
The elephant closely misses you. The elephant tramples you.
* * * LOW HITPOINT WARNING * * *
You hold your ground!
The elephant trunk-slaps you.
* * * LOW HITPOINT WARNING * * *
You hit the elephant.
The elephant is heavily wounded.
The elephant tramples you!
* * * LOW HITPOINT WARNING * * *
You hold your ground!
The elephant trunk-slaps you but does no damage.
You are too berserk!
You lash the elephant!
The elephant is severely wounded.
The elephant barely misses you.
The elephant trunk-slaps you but does no damage.
You body-slam the elephant!!
The elephant is almost dead.
The elephant tramples you.
* * * LOW HITPOINT WARNING * * *
You hold your ground!
The elephant closely misses you.
You body-slam the elephant!!
You kill the elephant!
Makhleb accepts your kill.
You body-slam the elephant!!
The elephant is moderately wounded.
The elephant barely misses you. x3; The elephant trunk-slaps you.
* * * LOW HITPOINT WARNING * * *
You body-slam the elephant!!
The elephant is severely wounded.
You hit the elephant.
The elephant is almost dead.
The elephant tramples you.
* * * LOW HITPOINT WARNING * * *
You hold your ground!
The elephant completely misses you. The elephant tramples you.
You die...

..............................#
..............................#
............P÷................#
.......<...##.....###.........#
#.......†.........###.........#
..............................#
...............Y..............#
#.............#YY.............#
##.........####S#########P#####
#...........# ### ###
###.........### ##..........#
###P #...........## .....
#............# .....
#.............##.....
................P.....
..........#...........


You could see 3 elephants.

Vanquished Creatures
  Pikel (D:5)
  4 elephants
  A komodo dragon (D:9)
  Jeremiah (D:6)
  A troll (D:9)
  Grinder (D:3)
  A wyvern (D:8)
  5 yaks
  A basilisk (Lair:1)
  Menkaure (D:6)
  A water moccasin (D:7)
  An ice beast (D:7)
  3 orc warriors
  A sky beast (D:7)
  3 black bears
  A crocodile (Sewer)
  5 centaurs
  2 lemures (D:6)
  4 wolves (Lair:1)
  2 kobold brigands (D:9)
  4 bullfrogs (D:9)
  A phantom (D:4)
  Blork the orc (D:6)
  A brain worm (Sewer)
  3 scorpions
  9 killer bees
  2 jellies
  3 howler monkeys
  A bombardier beetle (D:5)
  4 hounds
  6 orc priests
  12 orc wizards
  A sleepcap (D:5)
  6 iguanas
  5 gnolls
  11 adders
  A shadow imp (D:5)
  4 white imps
  2 ufetubi (D:6)
  2 dart slugs
  A ribbon worm (D:2)
  23 orcs
  6 endoplasms
  5 giant cockroaches
  4 goblins
  7 hobgoblins
  8 jackals
  4 quokkas (D:4)
  8 ball pythons
  16 bats
  5 frilled lizards
  11 kobolds
  4 rats
221 creatures vanquished.

Vanquished Creatures (collateral kills)
  A black bear (D:6)
1 creature vanquished.

Grand Total: 222 creatures vanquished

Notes
Turn   | Place    | Note
-------+----------+-------------------------------------------
     0 | D:1      | smazza the Draconian Shapeshifter began the quest for the
                  | Orb.
     0 | D:1      | Reached XP level 1. HP: 16/16 MP: 1/1
    90 | D:1      | Reached XP level 2. HP: 23/23 MP: 2/2
   345 | D:1      | Reached XP level 3. HP: 28/28 MP: 3/3
   838 | D:2      | Found a faded altar of an unknown god.
   893 | D:2      | Reached XP level 4. HP: 33/36 MP: 4/4
  1982 | D:3      | Found a runed translucent door.
  1983 | D:3      | Noticed Crazy Yiuf
  2317 | D:3      | Noticed Grinder
  2416 | D:2      | Reached XP level 5. HP: 32/41 MP: 5/5
  2748 | D:3      | Paralysed by Grinder for 3 turns
  3123 | D:4      | Reached skill level 5 in Shapeshifting
  3123 | D:4      | Reached XP level 6. HP: 41/48 MP: 6/6
  3212 | D:4      | Found a glowing drain.
  3230 | Sewer    | Entered a sewer
  3265 | Sewer    | Reached skill level 5 in Unarmed Combat
  3391 | Sewer    | Your scales start taking on a dull iron-grey colour.
  3391 | Sewer    | Reached XP level 7. HP: 30/55 MP: 7/7
  4259 | D:3      | Paralysed by Grinder for 3 turns
  4268 | D:3      | Killed Grinder
  4554 | D:5      | Entered Level 5 of the Dungeon
  4676 | D:5      | Identified the +5 dagger of Integrity {vamp, Int+6}
  4943 | D:5      | Reached XP level 8. HP: 48/61 MP: 8/8
  5179 | D:5      | Found Roibrios's Weapon Shop.
  5834 | D:5      | Upgraded the game from 0.31-a0-1549-g5ff9445 to
                  | 0.31-a0-1555-g5715333
  5870 | D:6      | Noticed Pikel
  5972 | D:6      | Noticed Menkaure
  5989 | D:6      | Noticed Blork the orc
  5996 | D:6      | Noticed Jeremiah
  6238 | D:6      | Killed Menkaure
  6396 | D:5      | Killed Pikel
  6397 | D:5      | Reached XP level 9. HP: 50/71 MP: 9/9
  6591 | D:6      | Killed Blork the orc
  7288 | D:7      | Upgraded the game from 0.31-a0-1555-g5715333 to
                  | 0.31-a0-1570-g93c622d
  7391 | D:6      | Killed Jeremiah
  7511 | D:7      | Reached skill level 5 in Fighting
  7873 | D:7      | Reached XP level 10. HP: 78/81 MP: 10/10
  7891 | D:7      | Found a shimmering blue altar of Sif Muna.
  7928 | D:7      | Found a staircase to the Ecumenical Temple.
  7937 | Temple   | Entered the Ecumenical Temple
  7960 | Temple   | Became a worshipper of Makhleb the Destroyer
  8623 | D:8      | Found Doef's Distillery.
  8835 | D:8      | Identified a scroll of acquirement
  9488 | D:5      | Bought 6 boomerangs for 132 gold pieces
  9918 | D:9      | Noticed an elephant
 10029 | D:9      | Reached skill level 5 in Dodging
 10265 | D:9      | Found a snail-covered altar of Cheibriados.
 10358 | D:9      | Reached * piety under Makhleb
 10359 | D:9      | Reached skill level 10 in Shapeshifting
 10471 | D:9      | Reached skill level 10 in Unarmed Combat
 10557 | D:9      | Found a staircase to the Lair.
 10714 | D:9      | Killed an elephant
 10900 | Lair:1   | Entered Level 1 of the Lair of Beasts
 11076 | Lair:1   | Noticed an elephant
 11080 | Lair:1   | Noticed an elephant
 11082 | Lair:1   | Noticed an elephant
 11106 | Lair:1   | Noticed an elephant
 11108 | Lair:1   | Noticed an elephant
 11113 | D:9      | Killed an elephant
 11165 | Lair:1   | Noticed an elephant
 11186 | Lair:1   | Killed an elephant
 11187 | Lair:1   | Reached XP level 11. HP: 34/91 MP: 11/11
 11190 | Lair:1   | HP: 8/163 [elephant (8)]
 11194 | Lair:1   | HP: 3/163 [elephant (1)]
 11196 | Lair:1   | HP: 1/163 [elephant (3)]
 11196 | Lair:1   | Slain by an elephant

Illustrated notes

Levels and vault maps discovered:
D:1:      lemuel_arrival_hallway, layout_loops_ring
D:2:      mumra_celtic_spiral_tile, layout_loops_ring,
          chequers_ecumenical_altar_twisty, st_stairs_12, minmay_pentomino_x4
D:3:      layout_basic, uniq_crazy_yiuf_cottage, uniq_grinder
D:4:      layout_loops_ring, portal_sewer_entry_d
D:5:      layout_basic, serial_shops, nicolae_shop_bloodbath_and_beyond,
          serial_library, serial_library_hellmonk_narrow_alcove,
          serial_library_hellmonk_room_b, serial_library_hellmonk_octagon,
          serial_library_regret_index_multi, serial_library_hellmonk_room_a,
          serial_library_regret_index_split_case,
          serial_library_hellmonk_hallway_b,
          serial_library_hellmonk_open_square, amcnicky_mini_corridor_feature,
          kennysheep_generic_room_5
D:6:      layout_basic, serial_rivers, chequers_serial_rivers_micro_d,
          chequers_serial_rivers_micro_b, chequers_serial_rivers_micro_e,
          chequers_serial_rivers_large_a, uniq_menkaure, uniq_pikel,
          uniq_blork_the_orc, uniq_jeremiah
D:7:      layout_gridville, mainiacjoe_overflow_tiny_flanked,
          minmay_temple_entry_drinking_statues,
          serial_library_regret_index_split_case
D:8:      gammafunk_indiana_jones, layout_layer_cave, serial_shops,
          nicolae_inconvenience_store
D:9:      layout_cave_pools, mainiacjoe_overflow_24_doors,
          grunt_lair_entry_orc_guard_hut
Temple:   nicolae_temple_slightly_damp_pantheon
Lair:1:   layout_hall_layers

Skill      XL: |  1  2  3  4  5  6  7  8  9 10 |
---------------+-------------------------------+-----
Dodging        | 2 3 4 5 |  5.8
Fighting       | 2 4 5 6 |  6.7
Unarmed Combat | 4 5 6 7 9 10 | 10.5
Shapeshifting  | 4 5 7 8 9 10 | 10.6

Action                     |  1- 3 |  4- 6 |  7- 9 | 10-12 || total
---------------------------+-------+-------+-------+-------++-------
  Melee: Unarmed           |   101 |   161 |   371 |   257 ||   890
         Tailslap          |    11 |    15 |    62 |    35 ||   123
         Punch             |     3 |     3 |     2 |       ||     8
         Short sword       |       |       |     6 |       ||     6
         Constrict         |       |       |       |     5 ||     5
Ability: Begin Untransform |       |     1 |       |       ||     1
    Use: Potion            |       |     2 |       |     1 ||     3
         Scroll            |       |       |    15 |     5 ||    20
   Stab: Sleeping          |       |     2 |       |       ||     2
 Armour: Skin              |    40 |    89 |   178 |   187 ||   494
  Dodge: Dodged            |    59 |    77 |   310 |   226 ||   672
   Form: Beast             |       |     1 |       |       ||     1
         Flux              |       |       |     1 |       ||     1
         Serpent           |       |       |       |     1 ||     1

Table legend: (Time is in decaauts)
 A = Elapsed time spent in this place.
 B = Non-inter-level travel time spent in this place.
 C = Inter-level travel time spent in this place.
 D = Time resting spent in this place.
 E = Time spent auto-exploring this place.
 F = Levels seen in this place.
 G = Mean time per level.
                   A        B        C        D        E       F      G
               +--------+--------+--------+--------+--------+-----+--------+
         Total |  11108 |   9987 |   1121 |   1790 |   5950 |  12 |  925.7 |
       Dungeon |  10511 |   9431 |   1080 |   1498 |   5845 |   9 | 1167.9 |
        Temple |     42 |      1 |     41 |      0 |      0 |   1 |   42.0 |
          Lair |    229 |    229 |      0 |     72 |     63 |   1 |  229.0 |
         Sewer |    324 |    324 |      0 |    220 |     42 |   1 |  324.0 |
               +--------+--------+--------+--------+--------+-----+--------+

Top non-repeatable levels by time:
     D:8: 1628 daAuts
     D:6: 1547 daAuts
     D:5: 1446 daAuts
     D:2: 1294 daAuts
     D:3: 1251 daAuts
     D:9: 1058 daAuts
     D:4: 940 daAuts
     D:1: 740 daAuts
     D:7: 606 daAuts
   Sewer: 324 daAuts
  Lair:1: 229 daAuts
  Temple: 42 daAuts
